 Dungeon Crawl Stone Soup version 0.22.0-38-g04b72b8c25 (webtiles) character file.

19 Jynx the Chiller (level 2, -1/19 HPs)
             Began as a Merfolk Ice Elementalist on Aug 30, 2018.
             Killed from afar by Sigmund (7 damage)
             ... with a magic dart
             ... on level 2 of the Dungeon.
             The game lasted 00:03:30 (1573 turns).

Jynx the Chiller (Merfolk Ice Elementalist)         Turns: 1573, Time: 00:03:31

Health: -1/19      AC:  3    Str:  8    XL:     2   Next: 75%
Magic:  3/5        EV: 18    Int: 14    God:
Gold:   148        SH:  0    Dex: 14    Spells: 2/5 levels left

rFire    . . .     SeeInvis .   g - +2 short sword (protect)
rCold    . . .     Gourm    .   (no shield)
rNeg     . . .     Faith    .   a - +0 robe
rPois    .         Spirit   .   (no helmet)
rElec    .         Reflect  .   (no cloak)
rCorr    .         Harm     .   (no gloves)
MR       .....                  h - +0 pair of boots
Stlth    ++........             (no amulet)
HPRegen  0.06/turn              b - +5 ring of evasion
MPRegen  0.09/turn              (no ring)

@: no status effects
A: change form in water, swift swim, stealthy swim
a: no special abilities


You were on level 2 of the Dungeon.
You were very hungry.

You visited 1 branch of the dungeon, and saw 2 of its levels.

You collected 148 gold pieces.

Inventory:

Hand Weapons
 g - a +2 short sword of protection (weapon)
Armour
 a - a +0 robe (worn)
 h - a +0 pair of boots (worn)
Jewellery
 b - a +5 ring of evasion (left hand)
 f - an uncursed ring of poison resistance {unknown}
 m - an uncursed ring of protection from cold {unknown}
Scrolls
 i - 2 scrolls of identify
 k - a scroll of teleportation {unknown}
 l - a scroll of fog {unknown}
 n - a scroll of enchant armour {unknown}
Potions
 e - a potion of heal wounds {unknown}
 j - a potion of mutation {unknown}
Comestibles
 c - 5 rations


   Skills:
 + Level 0.5 Short Blades
 - Level 2.6 Dodging
 - Level 2.1 Stealth
 + Level 2.3 Spellcasting
 - Level 0.7 Conjurations
 * Level 4.0 Ice Magic


You had 2 spell levels left.
You knew the following spells:

 Your Spells              Type           Power        Failure   Level  Hunger
a - Freeze                Ice            ##..         4%          1    #......
b - Throw Frost           Conj/Ice       #.....       13%         2    ###....

Your spell library contained the following spells:

 Spells                   Type           Power        Failure   Level  Hunger
 Ozocubu's Armour         Chrm/Ice       #.......     30%         3    ###....
 Throw Icicle             Conj/Ice       #.......     65%         4    #####..
 Summon Ice Beast         Ice/Summ       #.......     69%         4    #####..


Dungeon Overview and Level Annotations

Branches:
Dungeon (2/15)

Altars:
Kikubaaqudgha
Sif Muna

Annotations:
D:2 Sigmund


Message History

Sigmund hits you with an enchanted scythe!
Ouch! That really hurt!
Casting: Freeze (safe; 4% risk of failure)
Confirm with . or Enter, or press ? or * to list all spells.
Aiming: Freeze (safe; 4% risk of failure)
Press: ? - help, Shift-Dir - straight line, f - Sigmund
Aim: Sigmund, wielding an enchanted scythe and wearing a robe (moderately wounded)
You freeze Sigmund.
Sigmund is heavily wounded.
Casting: Freeze (safe; 4% risk of failure)
Confirm with . or Enter, or press ? or * to list all spells.
Aiming: Freeze (safe; 4% risk of failure)
Press: ? - help, Shift-Dir - straight line, f/p - Sigmund
Aim: Sigmund, wielding an enchanted scythe and wearing a robe (heavily wounded)
You freeze Sigmund.
Sigmund is severely wounded.
Sigmund screams, "Die, monster!"
Sigmund casts a spell at you. The magic dart hits you!
You die...

#####...# #.# #...........#
###.###### #.####.###########
#.......# #..##..# #####
#.......# #..##.## #.... #
#.......# #.....# #.... #
#.......###....## #.... ##
#.......##...#..### #....
.###########....#.##...######....
...............@@................
#######...#######.####.######....
#### ##...## #.# #.######....
...###>.#..# #.## #.....<.....
.......###.# #..# ##...###....
..#..#####.#######.####.#.# #####
#.@.....................#.#
####<#########...#.#...##.####
#..# ###...#.(###....#


You could see Sigmund.

Vanquished Creatures
  A worm (D:2)
  3 goblins
  A hobgoblin (D:2)
  4 bats
  4 kobolds
  5 rats (D:1)
18 creatures vanquished.

Notes
Turn   | Place    | Note
-------+----------+-------------------------------------------
     0 | D:1      | Jynx the Merfolk Ice Elementalist began the quest for the Orb.
     0 | D:1      | Reached XP level 1. HP: 13/13 MP: 3/3
   326 | D:1      | Found an ancient bone altar of Kikubaaqudgha.
   331 | D:1      | Reached XP level 2. HP: 17/19 MP: 0/5
   341 | D:1      | Learned a level 2 spell: Throw Frost
   938 | D:2      | Found a deep blue altar of Sif Muna.
  1177 | D:2      | Noticed Sigmund
  1493 | D:2      | Reached skill level 4 in Ice Magic
  1573 | D:2      | Killed from afar by Sigmund

Skill      XL: |  1  2 |
---------------+-------+-----
Ice Magic      | 4 |  4.0
Short Blades   | |  0.5
Dodging        | |  2.6
Stealth        | |  2.1
Spellcasting   | |  2.3
Conjurations   | |  0.7

Action                   || total
-------------------------++-------
Melee: Unarmed           ||     9
       Short sword       ||    22
 Cast: Freeze            ||    22
  Use: Scroll            ||     1
 Stab: Sleeping          ||     1
  Eat: Chunk             ||     1
Armor: Robe              ||     6
Dodge: Dodged            ||    36
